 Dungeon Crawl Stone Soup version 0.30-a0-782-ge64f9170bb (webtiles) character file.

Game seed: 795875079197011561

2 Crownlay the Digger (level 1, 0/10 HPs)
             Began as a Gargoyle Earth Elementalist on Mar 5, 2023.
             Slain by a quokka (3 damage)
             ... on level 1 of the Dungeon.
             The game lasted 00:00:22 (42 turns).

Crownlay the Digger (Gargoyle Earth Elementalist)     Turns: 42, Time: 00:00:23

Health: 0/10       AC:  4    Str: 11    XL:     1   Next: 30%
Magic:  1/3        EV: 11    Int: 15    God:
Gold:   7          SH:  0    Dex: 10    Spells: 3/4 levels left

rFire   . . .      SeeInvis .    (no weapon)
rCold   . . .      Faith    .    (no shield)
rNeg    + . .      Spirit   .    a - +0 robe
rPois   ∞          Reflect  .    (no helmet)
rElec   +          Harm     .    (no cloak)
rCorr   .          Rampage  .    (no gloves)
Will    .....                    (no boots)
Stlth   ++                       (no amulet)
HPRegen 0.21/turn                (no ring)
MPRegen 0.08/turn                (no ring)

@: no status effects
A: sickness immunity, AC +2, negative energy resistance 1, electricity
resistance, torment resistance 1, petrification resistance
a: no special abilities


You were on level 1 of the Dungeon.
You visited 1 branch of the dungeon, and saw 1 of its levels.

You collected 7 gold pieces.

Inventory:

Armour
 a - a +0 robe (worn)
 c - a +0 helmet
Potions
 b - a potion of magic


   Skills:
 - Level 1.5 Dodging
 - Level 2.1 Stealth
 - Level 2.0 Spellcasting
 - Level 0.7 Transmutations
 * Level 3.8 Earth Magic


You had 3 spell levels left.
You knew the following spells:

 Your Spells              Type           Power      Damage    Failure   Level
a - Sandblast             Erth           26%        2d8       4%          1

Your spell library contained the following spells:

 Spells                   Type           Power      Damage    Failure   Level
 Passwall                 Tmut/Erth      6%         N/A       13%         2
 Stone Arrow              Conj/Erth      14%        3d7       30%         3
 Petrify                  Tmut/Erth      8%         N/A       65%         4


Dungeon Overview and Level Annotations

Branches:
Dungeon (1/15)

Altars:


Innate Abilities, Weirdness & Mutations

You are immune to sickness and miasma.
Your stone body is resilient. (AC +2)
You are immune to poison.
You resist negative energy. (rN+)
You are resistant to electric shocks. (rElec)
You are resistant to unholy torment.
You are immune to petrification.


Message History

The quokka bites you.
You barely miss the quokka. The quokka completely misses you.
You hit the quokka.
The quokka is lightly wounded.
The quokka bites you.
You closely miss the quokka.
The quokka is lightly wounded.
The quokka closely misses you.
Your magical contamination has completely faded away.
You closely miss the quokka.
The quokka is lightly wounded.
The quokka bites you.
You closely miss the quokka.
The quokka is lightly wounded.
The quokka closely misses you. The quokka bites you.
A giant cockroach comes into view.
You miss the quokka.
The quokka is lightly wounded.
The quokka barely misses you.
You hit the quokka but do no damage.
The quokka is lightly wounded.
The quokka barely misses you.
You barely miss the quokka.
The quokka is lightly wounded.
The quokka bites you.
You hit the giant cockroach.
The giant cockroach is moderately wounded.
The giant cockroach bites you.
* * * LOW HITPOINT WARNING * * *
The quokka misses you.
You hit the giant cockroach but do no damage.
The giant cockroach is moderately wounded.
The giant cockroach bites you but does no damage.
The quokka bites you but does no damage.
The quokka misses you. The giant cockroach bites you.
* * * LOW HITPOINT WARNING * * *
You closely miss the giant cockroach.
The giant cockroach is moderately wounded.
The giant cockroach closely misses you. The quokka bites you.
You die...

#.... .# .. #... .#
... #..## .## ....
###..## ..## ....##
##.....## .... ......#
#.......####..#
....... #.<..##..##[.#
.......##J..###...#..#
......B@rJ.## ##....##
......###J.## #.....#
..... ##..###....##
.... #...#..#### ###
#.....## ##J..##
............$..
...##..###..... .
..... .#...


You could see 3 endoplasms, a quokka and a giant cockroach.

Vanquished Creatures
  A jackal (D:1)
  A rat (D:1)
2 creatures vanquished.

Notes
Turn   | Place    | Note
-------+----------+-------------------------------------------
     0 | D:1      | Crownlay the Gargoyle Earth Elementalist began the quest
                  | for the Orb.
     0 | D:1      | Reached XP level 1. HP: 10/10 MP: 3/3
    42 | D:1      | Slain by a quokka

Illustrated notes

Levels and vault maps discovered:
D:1:      dpeg_arrival_arbitrary_b, layout_rooms, hangedman_decor_opposing

Action                     || total
---------------------------++-------
  Melee: Unarmed           ||    11
   Cast: Sandblast         ||     3
 Armour: Robe              ||     6
  Dodge: Dodged            ||    14

Table legend: (Time is in decaauts)
 A = Elapsed time spent in this place.
 B = Non-inter-level travel time spent in this place.
 C = Inter-level travel time spent in this place.
 D = Time resting spent in this place.
 E = Time spent auto-exploring this place.
 F = Levels seen in this place.
 G = Mean time per level.
                   A        B        C        D        E       F      G
               +--------+--------+--------+--------+--------+-----+--------+
         Total |     43 |     38 |      5 |      0 |      9 |   1 |   43.0 |
       Dungeon |     43 |     38 |      5 |      0 |      9 |   1 |   43.0 |
               +--------+--------+--------+--------+--------+-----+--------+

Top non-repeatable levels by time:
     D:1: 43 daAuts
